AoeStats
← Mitternachtsfalke

Arena

508009876Analyzed
1v1 RM · 2mo ago on Sep 20, 2026· 54m 41s· 2 players
Game mode
Random Map
Map size
Tiny (2 player)
Population
200
Speed
Normal
Resources
Standard
Victory
Conquest
Starting age
Dark Age
Ending age
Imperial Age
RankedLock teamsTeams togetherTeam positionsShared explorationLock speedFull tech treeHidden civsTurbo modeCheats
Victory
Defeat
🇩🇪 Britons · Germany
592
+18
vs
🇸🇪 Teutons · Sweden
632
-18
Mitternachtsfalke
8:25 Feudal Age
17:26 Castle Age
26:17 Crossbowman
28:06 Fletching
30:47 Ballistics
31:24 Forging
33:48 Fortified Wall
37:12 Imperial Age
35:38 Bodkin Arrow
36:25 Town Watch
38:00 Bracer
40:55 Iron Casting
44:13 Blast Furnace
43:09 Light Cavalry
44:59 Arbalester
47:47 Yeomen
50:25 Cavalier
52:07 Heavy Scorpion
54:40 Scale Mail Armor
54:12 Capped Ram
MrKuk
0:39 Loom
12:59 Feudal Age
14:16 Wheelbarrow
13:52 Double-Bit Axe
14:13 Horse Collar
17:03 Forging
17:11 Gold Mining
18:36 Scale Mail Armor
23:30 Castle Age
21:25 Arson
22:54 Stone Mining
23:49 Bloodlines
24:21 Elite Skirmisher
28:27 Fletching
28:49 Padded Archer Armor
32:36 Hand Cart
32:23 Heavy Plow
32:35 Bow Saw
32:48 Ballistics
34:07 Fortified Wall
37:55 Imperial Age
39:01 Conscription
48:56 Cavalier
Connection lost

Rejoining the realm…

Still unreachable

The connection could not be restored.

Session expired

The server has moved on; the page needs a fresh start.